AoeStats
← aka Frost1e

African Clearing

510512458Analyzed
4v4 RM · 12h ago on Oct 1, 2026· 46m 28s· 8 players
Game mode
Random Map
Map size
Large (8 player)
Population
200
Speed
Normal
Resources
Standard
Victory
Conquest
Starting age
Dark Age
Ending age
Imperial Age
RankedLock teamsTeams togetherTeam positionsShared explorationLock speedFull tech treeHidden civsTurbo modeCheats
Victory
Defeat
🇲🇽 Byzantines · Mexico
1422
+16
🇹🇷 Vikings · Türkiye
1419
+16
🇪🇸 Malay · Spain
1396
+17
🇩🇪 Armenians · Germany
1369
+18
🇺🇸 Georgians · United States
1430
-17
🇭🇰 Persians · Hong Kong SAR China
1429
-17
🇹🇼 Celts · Taiwan
1421
-17
🇺🇦 Teutons · Ukraine
1388
-16
Moctezama
8:12 Loom
11:52 Feudal Age
17:57 Castle Age
17:28 Double-Bit Axe
24:39 Forging
25:36 Husbandry
27:20 Scale Barding Armor
29:45 Bow Saw
31:39 Stone Mining
33:36 Chain Barding Armor
36:07 Imperial Age
35:23 Chain Barding Armor
36:54 Heavy Camel Rider
38:11 Plate Barding Armor
38:11 Iron Casting
38:05 Conscription
39:06 Two-Man Saw
41:57 Chemistry
43:17 Wheelbarrow
44:56 Bombard Tower
CARANZA
2:54 Loom
13:07 Feudal Age
12:44 Double-Bit Axe
16:44 Forging
19:34 Horse Collar
26:14 Castle Age
24:32 Gold Mining
26:06 Pikeman
28:06 Wheelbarrow
29:16 Heavy Plow
30:02 Iron Casting
30:55 Husbandry
32:27 Hand Cart
35:51 Gold Shaft Mining
38:12 Imperial Age
36:28 Scale Barding Armor
37:23 Bow Saw
38:46 Blast Furnace
39:19 Elite Battle Elephant
40:39 Crop Rotation
44:22 Chemistry
43:43 Ballistics
43:26 Heavy Scorpion
Apep
14:42 Feudal Age
13:48 Loom
18:38 Castle Age
17:11 Horse Collar
17:19 Double-Bit Axe
19:45 Pikeman
21:14 Bow Saw
25:03 Squires
26:59 Scale Mail Armor
33:37 Fletching
35:33 Bodkin Arrow
37:22 Crossbowman
40:40 Imperial Age
38:24 Padded Archer Armor
39:03 Ballistics
38:43 Gold Mining
40:34 Leather Archer Armor
40:44 Arbalester
42:36 Chemistry
41:37 Bracer
42:05 Capped Ram
43:22 Ring Archer Armor
43:41 Siege Ram
[VYRE] Vantage
6:13 Loom
14:17 Feudal Age
17:54 Castle Age
15:50 Double-Bit Axe
16:37 Horse Collar
19:52 Wheelbarrow
19:45 Bow Saw
19:41 Heavy Plow
29:12 Fletching
31:19 Hand Cart
34:00 Imperial Age
32:26 Scale Mail Armor
33:16 Squires
33:06 Gambesons
33:13 Man-at-Arms
34:09 Chain Mail Armor
34:06 Forging
34:08 Arson
34:02 Long Swordsman
34:52 Fereters
35:11 Conscription
35:23 Plate Mail Armor
35:30 Iron Casting
34:44 Two-Handed Swordsman
35:28 Bodkin Arrow
35:59 Ballistics
35:50 Masonry
35:31 Champion
37:21 Blast Furnace
36:40 Gold Mining
37:31 Bracer
39:03 Block Printing
39:14 Illumination
39:10 Sanctity
39:36 Padded Archer Armor
40:39 Chemistry
39:44 Elite Composite Bowman
40:41 Leather Archer Armor
41:19 Hoardings
40:32 Treadmill Crane
41:57 Ring Archer Armor
42:01 Bombard Tower
44:16 Light Cavalry
45:06 Bloodlines
44:57 Husbandry
A Mongolito
5:19 Loom
14:48 Feudal Age
15:38 Double-Bit Axe
19:26 Castle Age
18:19 Fishing Lines
19:09 Bloodlines
19:28 Gold Mining
19:30 Horse Collar
20:36 Gillnets
20:25 Light Cavalry
21:10 Heavy Plow
21:37 Scale Barding Armor
22:45 Bow Saw
25:57 Wheelbarrow
26:28 Forging
28:30 Iron Casting
29:45 Chain Barding Armor
30:26 Hand Cart
31:40 Fletching
31:14 Pikeman
31:55 Squires
32:20 Bodkin Arrow
34:19 Light Cavalry
35:01 Husbandry
35:58 Ballistics
37:38 Scale Mail Armor
40:51 Imperial Age
38:49 Chain Mail Armor
40:02 Padded Archer Armor
42:53 Bracer
43:17 Conscription
42:29 Heavy Cavalry Archer
42:39 Halberdier
44:43 Treadmill Crane
45:15 Masonry
46:06 Chemistry
aka Frost1e
8:10 Loom
12:27 Feudal Age
13:00 Double-Bit Axe
13:38 Horse Collar
15:38 Forging
16:37 Wheelbarrow
17:11 Scale Barding Armor
24:37 Castle Age
22:37 Gold Mining
22:37 Stone Mining
23:25 Scale Mail Armor
23:14 Arson
26:24 Bow Saw
26:50 Hand Cart
31:20 Squires
31:06 Gambesons
33:51 Chain Mail Armor
37:15 Iron Casting
38:06 Stone Shaft Mining
37:32 Heavy Plow
42:12 Imperial Age
43:04 Elite Teutonic Knight
44:05 Conscription
44:16 Plate Mail Armor
44:50 Blast Furnace
44:57 Two-Man Saw
46:54 Ironclad
46:02 Onager
Freegan
5:23 Loom
5:29 Loom
12:49 Feudal Age
13:23 Double-Bit Axe
16:43 Horse Collar
21:01 Wheelbarrow
29:28 Castle Age
28:43 Forging
28:25 Gold Mining
28:25 Stone Mining
29:54 Scale Barding Armor
30:50 Bow Saw
31:27 Bloodlines
31:20 Husbandry
31:45 Fletching
36:25 Heavy Plow
ZhongliN
7:30 Loom
13:27 Feudal Age
14:49 Double-Bit Axe
18:44 Castle Age
20:54 Bow Saw
21:10 Town Watch
22:05 Horse Collar
22:48 Fletching
23:22 Husbandry
23:29 Gambesons
32:55 Pikeman
36:23 Scale Mail Armor
40:30 Imperial Age
39:11 Forging
39:54 Chain Mail Armor
41:31 Iron Casting
41:50 Conscription
44:17 Plate Mail Armor
Connection lost

Rejoining the realm…

Still unreachable

The connection could not be restored.

Session expired

The server has moved on; the page needs a fresh start.